Map: Romanticide LE

Players

INnoVation - Winner!

  • Race: Terran Terran
  • League: Master

Nice

  • Race: Protoss Protoss

Event: DreamHack SC2 Masters 2021 Summer

VOD

Have the link to the VOD?

Description

Time

  • Played on: July 2, 2021, 10:55 a.m.
  • Length: 11:02

All games in this series

Show
View Real Time Build Order
Export as new Build Order

INnoVation Terran - Winner!

Build Orders:  

Get SALT Encoding   

  12  0:00  SCV  
  13  0:12  SCV  
  14  0:16  Supply Depot  
  14  0:24  SCV  
  15  0:38  SCV  
  15  0:39  Barracks  
  16  0:44  Refinery  
  16  0:50  SCV  
  17  1:02  SCV  
  18  1:14  SCV  
  19  1:27  Orbital Command  
  19  1:28  Marine  
  20  1:46  Command Center  
  20  1:53  SCV  
  21  1:57  Factory  
  21  2:04  Barracks Reactor  
  21  2:05  SCV  
  22  2:13  Supply Depot  
  22  2:17  SCV  
  23  2:23  Bunker  
  23  2:34  SCV  
  24  2:41  Starport  
  24  2:46  SCV  
  24  2:48  Hellion x2  
  29  2:58  Orbital Command  
  29  3:00  SCV  
  30  3:09  Hellion  
  30  3:10  Refinery, Hellion  
  30  3:12  SCV  
  35  3:18  Medivac  
  37  3:24  SCV x2  
  39  3:36  Marine x2  
  39  3:38  Supply Depot, Factory Tech Lab  
  39  3:39  SCV x2  
  43  3:47  Barracks  
  43  3:51  SCV x2  
  43  3:54  Marine  
  46  3:59  Marine  
  46  4:02  Supply Depot  
  48  4:06  Cyclone  
  46  4:12  Marine  
  44  4:17  Marine  
  44  4:20  Viking  
  44  4:23  SCV  
  44  4:24  SCV  
  45  4:30  Marine  
  45  4:35  Marine  
  45  4:36  Marine  
  45  4:45  Cyclone  
  47  4:50  Marine  
  46  4:55  Marine  
  46  4:56  Marine  
  48  5:04  Viking  
  50  5:12  Marine  
  50  5:13  Marine  
  50  5:19  Cyclone  
  53  5:28  Orbital Command  
  53  5:29  Supply Depot  
  53  5:30  Marine x2  
  54  5:38  Marine  
  53  5:49  Supply Depot  
  53  5:50  Viking  
  53  5:52  Marine x2  
  53  5:55  Cyclone  
  53  5:56  Marine  
  61  5:58  Orbital Command  
  61  6:02  SCV  
  58  6:14  SCV  
  58  6:22  Viking  
  57  6:26  SCV  
  57  6:28  SCV  
  59  6:38  SCV  
  58  6:40  SCV  
  58  6:45  Barracks Tech Lab  
  59  6:47  Marine x2  
  59  6:51  SCV  
  59  6:52  SCV  
  63  7:03  SCV  
  63  7:04  SCV  
  63  7:05  Marine  
  63  7:07  Marine x2  
  64  7:15  SCV  
  58  7:16  SCV  
  58  7:23  Marine  
  58  7:26  Marine  
  58  7:27  SCV, Marine  
  58  7:28  SCV  
  61  7:35  Siege Tank  
  61  7:39  SCV  
  61  7:40  SCV, Marine  
  64  7:45  Supply Depot, Engineering Bay  
  54  7:51  SCV, Barracks  
  54  7:52  SCV, Marine  
  54  7:53  Marine  
  58  7:58  Marine  
  58  7:59  Refinery  
  58  8:03  SCV  
  58  8:04  SCV  
  61  8:07  Siege Tank  
  61  8:10  Terran Infantry Weapons Level 1  
  61  8:11  Supply Depot  
  64  8:15  SCV  
  64  8:17  SCV  
  64  8:18  Marine x2  
  64  8:19  Combat Shield  
  68  8:20  Marine  
  69  8:27  SCV  
  69  8:29  SCV  
  71  8:39  SCV, Medivac  
  71  8:40  Siege Tank, Marine x2  
  79  8:42  Marine, Supply Depot  
  79  8:44  Barracks Tech Lab  
  79  8:48  SCV  
  81  8:52  SCV  
  81  8:54  Supply Depot  
  82  8:57  Refinery  
  82  8:58  Marine x2  
  82  8:59  Marine  
  82  9:02  SCV  
  86  9:04  SCV, Stimpack, Marine  
  86  9:06  Supply Depot  
  88  9:12  Starport Reactor  
  88  9:16  Marine x2  
  88  9:17  SCV x2, Marine  
  91  9:21  Siege Tank  
  91  9:22  Supply Depot  
  95  9:26  Marauder  
  97  9:34  Marine x2  
  97  9:35  SCV x2  
  97  9:36  Marauder  
  97  9:50  Marauder  
  97  9:51  Marine  
  97  9:52  Marine  
  101  9:53  Medivac x2  
  101  9:56  Supply Depot  
  101  9:57  Marauder  
  106  10:06  Command Center  
  106  10:13  Siege Tank  
  109  10:16  Marine  
  109  10:17  Marine  
  111  10:25  Marauder x2  
  112  10:29  Medivac  
  112  10:30  Medivac  
  112  10:44  Marine x2  
Show
View Real Time Build Order
Export as new Build Order

Nice Protoss 

Build Orders: 1 Gate Expand, Proxy Void Ray 

Get SALT Encoding   

  12  0:00  Probe  
  13  0:12  Probe  
  14  0:18  Pylon  
  14  0:24  Probe (Chrono Boost)  
  15  0:36  Probe (Chrono Boost)  
  15  0:39  Gateway  
  16  0:45  Probe (Chrono Boost)  
  16  0:49  Assimilator  
  17  0:51  Probe  
  18  1:03  Probe  
  19  1:15  Probe  
  20  1:26  Cybernetics Core  
  20  1:35  Nexus  
  20  1:42  Pylon  
  20  1:50  Assimilator, Probe  
  21  1:59  Adept (Chrono Boost)  
  21  2:02  Probe  
  21  2:08  Pylon  
  24  2:14  Probe  
  25  2:19  Adept (Chrono Boost)  
  27  2:27  Probe  
  28  2:33  Stargate  
  28  2:39  Warp Gate  
  28  2:42  Probe  
  29  2:45  Adept  
  29  2:49  Probe  
  32  2:54  Probe  
  33  3:01  Probe  
  33  3:04  Pylon  
  34  3:09  Void Ray (Chrono Boost), Shield Battery  
  38  3:23  Shield Battery  
  38  3:25  Probe  
  39  3:28  Probe  
  40  3:39  Void Ray (Chrono Boost)  
  40  3:40  Shield Battery  
  38  3:45  Adept  
  44  3:53  Probe x2  
  46  3:59  Shield Battery  
  46  4:05  Probe x2  
  45  4:11  Void Ray  
  42  4:42  Adept  
  42  4:49  Shield Battery  
  41  4:54  Probe x2 (Chrono Boost)  
  43  5:04  Adept  
  43  5:05  Probe x2 (Chrono Boost)  
  47  5:10  Probe x2 (Chrono Boost)  
  49  5:15  Pylon, Void Ray  
  53  5:30  Probe  
  53  5:33  Shield Battery  
  54  5:45  Probe x2  
  54  5:47  Stalker  
  54  5:48  Shield Battery  
  58  5:57  Probe (Chrono Boost)  
  58  5:59  Probe (Chrono Boost)  
  55  6:08  Gateway  
  55  6:09  Probe (Chrono Boost)  
  55  6:11  Probe (Chrono Boost)  
  57  6:13  Gateway  
  57  6:15  Probe x2 (Chrono Boost)  
  59  6:23  Pylon  
  59  6:26  Shield Battery  
  59  6:30  Pylon  
  59  6:48  Probe (Chrono Boost)  
  59  6:51  Probe (Chrono Boost)  
  59  6:53  Pylon  
  61  6:55  Twilight Council  
  61  7:01  Probe (Chrono Boost)  
  62  7:06  Probe (Chrono Boost)  
  62  7:08  Probe (Chrono Boost)  
  62  7:12  Pylon  
  62  7:13  Pylon  
  62  7:14  Stalker x3  
  62  7:15  Probe  
  69  7:18  Probe  
  70  7:27  Probe  
  67  7:30  Probe  
  67  7:31  Blink (Chrono Boost)  
  64  7:38  Stalker x3  
  64  7:39  Probe  
  64  7:43  Probe  
  72  7:45  Assimilator  
  72  7:53  Pylon  
  72  7:56  Nexus  
  72  8:00  Pylon, Probe  
  72  8:01  Probe  
  74  8:11  Stalker x2  
  78  8:13  Probe  
  78  8:14  Probe  
  80  8:24  Shield Battery  
  80  8:25  Pylon, Probe  
  82  8:32  Templar Archives  
  79  8:35  Assimilator  
  79  8:36  Sentry  
  83  8:46  Gateway  
  83  8:47  Gateway  
  81  8:49  Gateway  
  81  8:51  Phoenix  
  81  8:54  Gateway  
  81  9:03  Psionic Storm  
  81  9:04  Gateway  
  81  9:05  Pylon  
  81  9:12  Charge (Chrono Boost)  
  79  9:19  High Templar  
  79  9:22  Zealot  
  79  9:23  Zealot  
  85  9:24  Shield Battery  
  85  9:28  Shield Battery  
  81  9:47  Zealot x4  
  81  9:51  Zealot x3  
  95  9:56  Probe x3  
  98  10:02  Pylon  
  98  10:07  High Templar x3  
  100  10:08  Probe, High Templar  
  103  10:21  Pylon  
  103  10:28  Archon x2  
  103  10:30  Zealot x4  
  90  10:43  Zealot x4  
  74  10:51  Zealot x4  
Tags
 
Add a new tag
Caveats
  • Supply blocks, unpowered buildings, or Contaminate may cause inaccurate times.
  • Supply counts are checked every 10 seconds.